[Event "Sempre più Rapidamente"]
[Site "Chess.com"]
[Date "2020.04.12"]
[Round "5"]
[White "sirmale49"]
[Black "ferrariand"]
[Result "0-1"]
[WhiteElo "1396"]
[BlackElo "1592"]
[TimeControl "720+3"]
[EndTime "7:53:07 PDT"]
[Termination "ferrariand ha vinto per abbandono"]

1. f4 d5 2. Nf3 Nf6 3. g3 Bf5 4. Bg2 Nc6 5. O-O e6 6. e3 Bc5 7. d3 O-O 8. a3 Re8 9. Ne5 Bg6 10. d4 Bb6 11. Nc3 Bh5 12. g4 Bg6 13. h4 h6 14. Na4 Be4 15. g5 Bxg2 16. Kxg2 Ne4 17. Qg4 Nxe5 18. fxe5 hxg5 19. h5 Qd7 20. Nxb6 axb6 21.
Rh1 Qa4 22. c3 Qc2+ 0-1

[Event "Sempre più Rapidamente"]
[Site "Chess.com"]
[Date "2020.04.12"]
[Round "5"]
[White "crippo"]
[Black "sergiodone"]
[Result "1-0"]
[WhiteElo "1588"]
[BlackElo "1200"]
[TimeControl "720+3"]
[EndTime "8:07:22 PDT"]
[Termination "crippo ha vinto per tempo"]

1. e4 c5 2. Nf3 d6 3. Nc3 a6 4. a4 e6 5. Bc4 Be7 6. d3 Qc7 7. Bf4 Nc6 8. O-O Nf6 9. Re1 O-O 10.
Bg5 Ng4 11. Bf4 Nge5 12. Ba2 Ng6 13. Bg3 Nce5 14. Nxe5 dxe5 15. f4 Bd7 16. fxe5 Nxe5 17. Rf1 Bd6 18. Qh5 g6 19. Qe2 c4 20. d4 Nc6 21. Rad1 Bxg3 22. hxg3 Qxg3 23. Rf3 Qg5 24. Bxc4 Rad8 25. d5 Ne5 26. Ba2 Nxf3+ 27. Qxf3 exd5 28. Rxd5 Qg4 29. Qd3 h5 30. Rd6 h4 31. Nd5 Qg3 32. Qxg3 hxg3 33. Nf6+ Kg7 34. Nxd7 Rfe8 35. e5 Re7 36. e6 fxe6 37. Bxe6 Rc8 38. c3 Rc4 39.
Kf1 Re4 40. Nc5 Rf4+ 41. Ke1 b5 42. axb5 axb5 43. Rd7 Rxd7 44. Bxd7 Rf2 45. Bc6 Rxb2 46. Nd3 Rc2 47. Kd1 Rxc3 48. Kd2 Rb3 49. Kc2 Ra3 50.
Bxb5 Ra2+ 51. Nb2 Ra5 52. Bd3 Rc5+ 53. Kd2 Kh6 54. Nd1 Kg5 55. Ne3 Kf4 56. Bxg6 Rg5 57. Bd3 Ra5 58. Nf1 Ra2+ 59. Bc2 Ra1 60. Ne3 Ra8 61.
Nf1 Re8 62. Bd3 Re7 63. Be2 Rd7+ 64. Ke1 Rd6 65. Nd2 Rb6 66. Bd1 Re6+ 67. Kf1 Re3 68. Nc4 Rc3 69. Nd6 Rc1 70. Ke2 Ra1 71. Nc4 Ra2+ 72.
Nd2 Ra7 73. Nf3 Re7+ 74. Kd3 Re3+ 75. Kd2 Re7 76. Nd4 Rd7 77. Kc3 Rd6 78. Bf3 Ra6 79.
Ne2+ Ke3 80. Nxg3 Ra3+ 81. Kb4 Ra1 82. Ne4 Kf4 83. Nd6 1-0